AoeStats
← UserIDAlreadyInUse

Fortress

509468250Analyzed
2v2 RM · 5d ago on Sep 26, 2026· 35m 34s· 4 players
Game mode
Random Map
Map size
Normal (6 player)
Population
200
Speed
Normal
Resources
Standard
Victory
Conquest
Starting age
Dark Age
Ending age
Imperial Age
RankedLock teamsTeams togetherTeam positionsShared explorationLock speedFull tech treeHidden civsTurbo modeCheats
Victory
Defeat
🇲🇽 Malay · Mexico
1225
+18
🇲🇽 Jurchens · Mexico
1224
+18
🇦🇷 Saracens · Argentina
1290
-19
🇦🇷 Varangians · Argentina
1243
-17
Consort Radahn
7:43 Feudal Age
9:28 Wheelbarrow
12:12 Castle Age
10:41 Double-Bit Axe
10:42 Horse Collar
13:21 Bow Saw
17:14 Stone Mining
19:19 Town Watch
25:22 Bloodlines
29:41 Scale Barding Armor
33:15 Chain Barding Armor
neo_399
7:53 Feudal Age
9:13 Double-Bit Axe
13:03 Castle Age
10:56 Horse Collar
17:25 Bow Saw
17:28 Gold Mining
18:36 Wheelbarrow
20:32 Forging
21:16 Heavy Plow
21:38 Husbandry
21:49 Bloodlines
22:07 Town Watch
24:00 Scale Barding Armor
25:43 Chain Barding Armor
25:13 Loom
27:39 Iron Casting
28:43 Gold Shaft Mining
27:59 Stone Mining
31:21 Imperial Age
30:37 Fletching
31:27 Hand Cart
33:05 Bodkin Arrow
34:14 Plate Barding Armor
UserIDAlreadyInUse
8:35 Feudal Age
10:20 Double-Bit Axe
12:49 Castle Age
13:24 Horse Collar
18:24 Padded Archer Armor
19:46 Ballistics
22:04 Siege Engineers
34:07 Imperial Age
Ryun Sakashita
0:50 Loom
8:38 Feudal Age
12:54 Castle Age
11:14 Double-Bit Axe
11:33 Horse Collar
20:09 Forging
23:16 Arson
28:05 Imperial Age
32:55 Iron Casting
34:03 Fletching
34:14 Padded Archer Armor
35:19 Conscription
34:47 Crossbowman
35:53 Bodkin Arrow
Connection lost

Rejoining the realm…

Still unreachable

The connection could not be restored.

Session expired

The server has moved on; the page needs a fresh start.